ORI
UNIVERSITY OF VIRGINIA CAVALIERS @ ARIZONA STATE UNIVERSITY SUN DEVILS
12/12/2048
 
TOP OF THE 1ST
University of Virginia Cavaliers batting - Pitching for Arizona State University Sun Devils : LHP John Neville
Pitching: LHP John Neville
Batting: RHB Luke Bertrand 0-0: Ball
1-0: Ball
2-0: Ball
3-0: Base on Balls
Batting: LHB Edelberto Barbas 0-0: Ball
Luke Bertrand steals 2nd base
1-0: Ball
2-0: Called Strike
2-1: Ball
3-1: Base on Balls
Batting: LHB Josh Glass 0-0: Ball
1-0: Ball
2-0: Foul Ball, location: 2F
2-1: Swinging Strike
2-2: Ball
3-2: SINGLE (Flyball, 8RS, EV 93.1 MPH)
Luke Bertrand to third
Edelberto Barbas to second
Batting: RHB Jason Lambert 0-0: Ball
1-0: Called Strike
1-1: Foul Ball, location: 2F
1-2: Fly out, F8 (Flyball, 89M, EV 84.4 MPH)
Runner from 3rd tags up, OUT at HOME! 8-2
Edelberto Barbas to third
Josh Glass to second
Batting: LHB Ray Nichter 0-0: Swinging Strike
0-1: Ball
Wild Pitch!
Edelberto Barbas scores
Josh Glass to third
1-1: Ball
2-1: Ball
3-1: Foul Ball, location: 2F
3-2: Strikes out swinging
Top of the 1st over - 1 run, 1 hit, 0 errors, 1 left on base; University of Virginia 1 - Arizona State University 0
BOTTOM OF THE 1ST
Arizona State University Sun Devils batting - Pitching for University of Virginia Cavaliers : RHP Jayden Currie
Pitching: RHP Jayden Currie
Batting: LHB Eric Russell 0-0: SINGLE (Groundball, 4M, EV 101.9 MPH)
Batting: RHB Rusty Gee 0-0: Called Strike
0-1: Ball
1-1: Ball
2-1: Called Strike
2-2: Foul Ball, location: 2F
2-2: Strikes out swinging
Batting: LHB Randy Marquez 0-0: Called Strike
0-1: Ball
Eric Russell steals 2nd base (no throw)
1-1: Ball
2-1: Called Strike
2-2: Ball
3-2: Strikes out looking
Batting: LHB Dustin Gill 0-0: Ball
1-0: Swinging Strike
1-1: Swinging Strike
1-2: Ball
2-2: Strikes out swinging
Bottom of the 1st over - 0 runs, 1 hit, 0 errors, 1 left on base; University of Virginia 1 - Arizona State University 0
TOP OF THE 2ND
University of Virginia Cavaliers batting - Pitching for Arizona State University Sun Devils : LHP John Neville
Batting: RHB Nick Cech 0-0: Ball
1-0: Foul Ball, location: 2F
1-1: Called Strike
1-2: Strikes out swinging
Batting: RHB Rob Coble 0-0: Ball
1-0: Ball
2-0: Foul Ball, location: 2F
2-1: Ground out 6-3 (Groundball, 6, EV 84.4 MPH)
Batting: RHB Tony Montoya 0-0: Hit by Pitch
Batting: SHB Ethan Lewis 0-0: Ball
1-0: Ball
2-0: Foul Ball, location: 2F
2-1: Called Strike
2-2: Strikes out swinging
Top of the 2nd over - 0 runs, 0 hits, 0 errors, 1 left on base; University of Virginia 1 - Arizona State University 0
BOTTOM OF THE 2ND
Arizona State University Sun Devils batting - Pitching for University of Virginia Cavaliers : RHP Jayden Currie
Batting: RHB John Burgis 0-0: Swinging Strike
0-1: SINGLE (Groundball, 56D, EV 106.2 MPH) (infield hit)
Batting: RHB Brent Wiley 0-0: Ball
1-0: Ball
2-0: Ball
3-0: Called Strike
3-1: Called Strike
3-2: Fielders Choice at 2nd, 6-4 (Groundball, 6, EV 86.9 MPH)
Batting: LHB Burraga Iukini 0-0: Ball
1-0: Foul Ball, location: 2F
1-1: Fly out, F7 (Flyball, 7D, EV 98.8 MPH)
Batting: RHB Carl Evans 0-0: SINGLE (Groundball, 6M, EV 110.6 MPH) (infield hit)
Brent Wiley to second
Batting: LHB Timon Giorgiou 0-0: Swinging Strike
0-1: Swinging Strike
0-2: Strikes out swinging
Bottom of the 2nd over - 0 runs, 2 hits, 0 errors, 2 left on base; University of Virginia 1 - Arizona State University 0
TOP OF THE 3RD
University of Virginia Cavaliers batting - Pitching for Arizona State University Sun Devils : LHP John Neville
Batting: RHB Luke Bertrand 0-0: Ball
1-0: Foul Ball, location: 2F
1-1: SINGLE (Flyball, 5D, EV 96.9 MPH)
Batting: LHB Edelberto Barbas 0-0: Swinging Strike
0-1: Ball
1-1: Called Strike
1-2: Grounds into double play, 5-4-3 (Groundball, 5L, EV 99.4 MPH)
Batting: LHB Josh Glass 0-0: Ball
1-0: Swinging Strike
1-1: Ground out 6-3 (Groundball, 6, EV 87.5 MPH)
Top of the 3rd over - 0 runs, 1 hit, 0 errors, 0 left on base; University of Virginia 1 - Arizona State University 0
BOTTOM OF THE 3RD
Arizona State University Sun Devils batting - Pitching for University of Virginia Cavaliers : RHP Jayden Currie
Batting: LHB Eric Russell 0-0: Foul Ball, location: 2F
0-1: Swinging Strike
0-2: Strikes out swinging
Batting: RHB Rusty Gee 0-0: Ball
1-0: Ball
2-0: Foul Ball, location: 2F
2-1: Ground out 5-3 (Groundball, 56S, EV 80.6 MPH)
Batting: LHB Randy Marquez 0-0: Called Strike
0-1: Ball
1-1: SINGLE (Groundball, 4MD, EV 94.4 MPH)
Batting: LHB Dustin Gill 0-0: Ball
1-0: Ball
2-0: Foul Ball, location: 2F
2-1: Called Strike
2-2: Ball
3-2: Strikes out swinging
Bottom of the 3rd over - 0 runs, 1 hit, 0 errors, 1 left on base; University of Virginia 1 - Arizona State University 0
TOP OF THE 4TH
University of Virginia Cavaliers batting - Pitching for Arizona State University Sun Devils : LHP John Neville
Batting: RHB Jason Lambert 0-0: Ball
1-0: Fly out, F5 (Popup, 5, EV 75.0 MPH)
Batting: LHB Ray Nichter 0-0: Foul Ball, location: 2F
0-1: Called Strike
0-2: Ball
1-2: Strikes out swinging
Batting: RHB Nick Cech 0-0: Ball
1-0: Ball
2-0: Called Strike
2-1: Foul Ball, location: 2F
2-2: Foul Ball, location: 2F
2-2: Foul Ball, location: 2F
2-2: Strikes out looking
Top of the 4th over - 0 runs, 0 hits, 0 errors, 0 left on base; University of Virginia 1 - Arizona State University 0
BOTTOM OF THE 4TH
Arizona State University Sun Devils batting - Pitching for University of Virginia Cavaliers : RHP Jayden Currie
Batting: RHB John Burgis 0-0: Swinging Strike
0-1: Ball
1-1: Ball
2-1: Foul Ball, location: 2F
2-2: Foul Ball, location: 2F
2-2: SINGLE (Groundball, 6D, EV 106.9 MPH)
Batting: RHB Brent Wiley 0-0: Fly out, F3 (Line Drive, 3L, EV 65.0 MPH)
Lined into DP, U3 (Line Drive, 3L, EV 61.2 MPH)
Batting: LHB Burraga Iukini 0-0: Ball
1-0: Swinging Strike
1-1: Ball
2-1: Swinging Strike
2-2: Ball
3-2: Strikes out swinging
Bottom of the 4th over - 0 runs, 1 hit, 0 errors, 0 left on base; University of Virginia 1 - Arizona State University 0
TOP OF THE 5TH
University of Virginia Cavaliers batting - Pitching for Arizona State University Sun Devils : LHP John Neville
Batting: RHB Rob Coble 0-0: Foul Ball, location: 2F
0-1: Ball
1-1: Ball
2-1: SINGLE (Groundball, 6D, EV 94.4 MPH)
Batting: RHB Tony Montoya 0-0: Grounds into double play, 5-4-3 (Groundball, 5, EV 103.1 MPH)
Batting: SHB Ethan Lewis 0-0: Ball
1-0: Foul Ball, location: 2F
1-1: Ball
2-1: SINGLE (Groundball, 56S, EV 68.8 MPH) (infield hit)
Batting: RHB Luke Bertrand 0-0: Ball
1-0: Called Strike
1-1: Foul Ball, location: 2F
1-2: Fly out, F7 (Flyball, 78M, EV 89.4 MPH)
Top of the 5th over - 0 runs, 2 hits, 0 errors, 1 left on base; University of Virginia 1 - Arizona State University 0
BOTTOM OF THE 5TH
Arizona State University Sun Devils batting - Pitching for University of Virginia Cavaliers : RHP Jayden Currie
Batting: RHB Carl Evans 0-0: Ground out 4-3 (Groundball, 4, EV 91.2 MPH)
Batting: LHB Timon Giorgiou 0-0: Ball
1-0: Ball
2-0: Foul Ball, location: 2F
2-1: Swinging Strike
2-2: Fly out, F9 (Flyball, 9, EV 83.1 MPH)
Batting: LHB Eric Russell 0-0: Ball
1-0: Ground out 6-3 (Groundball, 56, EV 103.1 MPH)
Bottom of the 5th over - 0 runs, 0 hits, 0 errors, 0 left on base; University of Virginia 1 - Arizona State University 0
TOP OF THE 6TH
University of Virginia Cavaliers batting - Pitching for Arizona State University Sun Devils : LHP John Neville
Pitching: RHP Josh Wolford
Batting: LHB Edelberto Barbas 0-0: Ball
1-0: Called Strike
1-1: Ground out 4-3 (Groundball, 4S, EV 61.9 MPH)
Batting: LHB Josh Glass 0-0: Ground out 5-3 (Groundball, 56S, EV 88.8 MPH)
Batting: RHB Jason Lambert 0-0: Swinging Strike
0-1: Ball
1-1: Ball
2-1: Ground out 5-3 (Groundball, 56, EV 103.1 MPH)
Top of the 6th over - 0 runs, 0 hits, 0 errors, 0 left on base; University of Virginia 1 - Arizona State University 0
BOTTOM OF THE 6TH
Arizona State University Sun Devils batting - Pitching for University of Virginia Cavaliers : RHP Jayden Currie
Batting: RHB Rusty Gee 0-0: Ball
1-0: Foul Ball, location: 2F
1-1: Called Strike
1-2: Ball
2-2: Ball
3-2: Fly out, F9 (Flyball, 89M, EV 95.0 MPH)
Pitching: RHP Brian Ryan
Batting: LHB Randy Marquez 0-0: Foul Ball, location: 2F
0-1: Swinging Strike
0-2: Ball
1-2: Ball
2-2: Ball
3-2: SINGLE (Groundball, 6MD, EV 100.0 MPH)
Batting: LHB Dustin Gill 0-0: Ball
1-0: Called Strike
1-1: Foul Ball, location: 2F
1-2: Ball
Wild Pitch!
Randy Marquez to second
2-2: Foul Ball, location: 2F
2-2: Strikes out swinging
Batting: RHB John Burgis 0-0: Reached on error, E5 (Groundball, 56S, EV 78.8 MPH)
Randy Marquez to third
Batting: RHB Brent Wiley 0-0: Ball
John Burgis is caught stealing 2nd base 2-4
Bottom of the 6th over - 0 runs, 1 hit, 1 error, 1 left on base; University of Virginia 1 - Arizona State University 0
TOP OF THE 7TH
University of Virginia Cavaliers batting - Pitching for Arizona State University Sun Devils : RHP Josh Wolford
Batting: LHB Ray Nichter 0-0: Ground out 4-3 (Groundball, 4, EV 91.2 MPH)
Batting: RHB Nick Cech 0-0: Called Strike
0-1: Called Strike
0-2: Ball
1-2: Foul Ball, location: 2F
1-2: Ball
2-2: Foul Ball, location: 2F
2-2: Ball
3-2: Strikes out swinging
Batting: RHB Rob Coble 0-0: Ball
1-0: Foul Ball, location: 2F
1-1: Ball
2-1: Ground out 5-3 (Groundball, 5, EV 93.1 MPH)
Top of the 7th over - 0 runs, 0 hits, 0 errors, 0 left on base; University of Virginia 1 - Arizona State University 0
BOTTOM OF THE 7TH
Arizona State University Sun Devils batting - Pitching for University of Virginia Cavaliers : RHP Brian Ryan
Batting: RHB Brent Wiley 0-0: Called Strike
0-1: Ball
1-1: Foul Ball, location: 2F
1-2: Ball
2-2: Strikes out swinging
Batting: LHB Burraga Iukini 0-0: Called Strike
0-1: Ball
1-1: Swinging Strike
1-2: Ball
2-2: Strikes out swinging
Batting: RHB Carl Evans 0-0: Ground out 3-1 (Groundball, 34, EV 101.2 MPH)
Bottom of the 7th over - 0 runs, 0 hits, 0 errors, 0 left on base; University of Virginia 1 - Arizona State University 0
TOP OF THE 8TH
University of Virginia Cavaliers batting - Pitching for Arizona State University Sun Devils : RHP Josh Wolford
Batting: RHB Tony Montoya 0-0: Called Strike
0-1: Fly out, F8 (Flyball, 89D, EV 96.2 MPH)
Batting: SHB Ethan Lewis 0-0: Foul Ball, location: 2F
0-1: Ground out 4-3 (Groundball, 4, EV 83.1 MPH)
Batting: RHB Luke Bertrand 0-0: Called Strike
0-1: Ball
1-1: Ball
2-1: Fly out, F9 (Flyball, 9, EV 90.0 MPH)
Top of the 8th over - 0 runs, 0 hits, 0 errors, 0 left on base; University of Virginia 1 - Arizona State University 0
BOTTOM OF THE 8TH
Arizona State University Sun Devils batting - Pitching for University of Virginia Cavaliers : RHP Brian Ryan
Pitching: RHP Tzu-jao Chen
Batting: LHB Timon Giorgiou 0-0: Ball
1-0: Ball
2-0: Called Strike
2-1: Swinging Strike
2-2: Strikes out swinging
Batting: LHB Eric Russell 0-0: Called Strike
0-1: Foul Ball, location: 2F
0-2: Ball
1-2: Ball
2-2: Foul Ball, location: 7LSF, Error on foul ball, E7
2-2: Foul Ball, location: 2F
2-2: Foul Ball, location: 2F
2-2: Fly out, F7 (Flyball, 78S, EV 95.0 MPH)
Batting: RHB Rusty Gee 0-0: Foul Ball, location: 2F
0-1: Swinging Strike
0-2: Foul Ball, location: 2F
0-2: Strikes out swinging
Bottom of the 8th over - 0 runs, 0 hits, 1 error, 0 left on base; University of Virginia 1 - Arizona State University 0
TOP OF THE 9TH
University of Virginia Cavaliers batting - Pitching for Arizona State University Sun Devils : RHP Josh Wolford
Pitching: LHP Nick Segar
Batting: LHB Edelberto Barbas 0-0: Ball
1-0: Ground out U3 (Groundball, 3L, EV 90.0 MPH)
Batting: LHB Josh Glass 0-0: Called Strike
0-1: Ball
1-1: Foul Ball, location: 2F
1-2: Strikes out swinging
Pitching: LHP T.J. Conner
Batting: RHB Jason Lambert 0-0: Called Strike
0-1: Swinging Strike
0-2: Strikes out swinging
Top of the 9th over - 0 runs, 0 hits, 0 errors, 0 left on base; University of Virginia 1 - Arizona State University 0
BOTTOM OF THE 9TH
Arizona State University Sun Devils batting - Pitching for University of Virginia Cavaliers : RHP Tzu-jao Chen
Pitching: RHP Ruud van der Meulen
Batting: LHB Randy Marquez 0-0: Called Strike
0-1: Ball
1-1: Foul Ball, location: 2F
1-2: Foul Ball, location: 2F
1-2: Strikes out looking
Batting: LHB Dustin Gill 0-0: Ball
1-0: Ball
2-0: Foul Ball, location: 2F
2-1: Foul Ball, location: 2F
2-2: SINGLE (Line Drive, 8RS, EV 96.9 MPH)
Batting: RHB John Burgis 0-0: Fly out, F6 (Popup, 6, EV 71.2 MPH)
Batting: RHB Brent Wiley 0-0: Ball
1-0: Called Strike
1-1: Ground out 4-3 (Groundball, 34, EV 85.0 MPH)
Bottom of the 9th over - 0 runs, 1 hit, 0 errors, 1 left on base; University of Virginia 1 - Arizona State University 0
Tuesday, March 28th , 2023 - OOTP Baseball 23.10 Build 110